Map: King's Cove LE

Players

goblin

  • Race: Protoss Protoss
  • Spawn Location: 11:00

Reynor - Winner!

  • Race: Zerg Zerg
  • Spawn Location: 5:00

Event: 2019 WCS Spring

VOD

Have the link to the VOD?

Description

Time

  • Played on: May 19, 2019, 10:03 a.m.
  • Length: 11:09

All games in this series

Show
View Real Time Build Order
Export as new Build Order

goblin Protoss 

Build Orders: 1 Gate Expand 

Get SALT Encoding   

  12  0:00  Probe  
  13  0:12  Probe  
  14  0:18  Pylon  
  14  0:24  Probe  
  15  0:32  Probe  
  15  0:39  Gateway  
  15  0:41  Probe  
  16  0:48  Assimilator  
  17  0:51  Probe  
  18  1:03  Probe  
  19  1:15  Probe  
  20  1:24  Nexus  
  20  1:36  Cybernetics Core  
  20  1:44  Pylon  
  20  1:48  Zealot, Probe  
  20  1:51  Assimilator  
  20  2:00  Probe  
  23  2:11  Adept  
  22  2:38  Gateway  
  21  2:47  Probe  
  21  2:49  Probe  
  23  2:55  Probe  
  23  3:01  Stalker  
  23  3:04  Probe  
  23  3:05  Probe  
  28  3:14  Warp Gate, Probe  
  28  3:18  Probe  
  30  3:22  Probe  
  31  3:30  Probe  
  31  3:31  Probe  
  32  3:38  Pylon  
  32  3:39  Probe  
  33  3:43  Probe  
  33  3:47  Probe  
  35  3:55  Probe  
  37  3:56  Stargate  
  37  3:58  Probe  
  38  4:07  Probe x2  
  39  4:15  Probe  
  40  4:19  Probe  
  40  4:20  Stargate  
  42  4:24  Probe  
  42  4:25  Assimilator x2  
  44  4:31  Probe  
  44  4:32  Phoenix  
  44  4:36  Probe  
  45  4:43  Probe  
  45  4:44  Pylon  
  48  4:48  Probe  
  49  4:54  Phoenix  
  49  4:55  Probe  
  52  5:02  Pylon  
  52  5:04  Phoenix, Probe  
  55  5:07  Probe  
  55  5:09  Zealot, Adept  
  55  5:13  Pylon  
  60  5:19  Phoenix  
  62  5:22  Phoenix  
  62  5:23  Pylon  
  64  5:43  Phoenix  
  64  5:44  Phoenix  
  68  5:52  Nexus  
  68  5:53  Probe  
  68  5:54  Probe  
  70  5:59  Adept  
  70  6:02  Pylon  
  72  6:10  Phoenix  
  74  6:15  Pylon, Phoenix  
  76  6:22  Probe  
  76  6:23  Adept, Probe  
  80  6:35  Probe x2  
  80  6:37  Phoenix x2  
  82  6:47  Probe x2  
  87  6:48  Pylon  
  86  6:56  Phoenix  
  86  7:00  Shield Battery  
  86  7:01  Shield Battery  
  78  7:02  Shield Battery x2  
  78  7:04  Sentry, Stalker  
  78  7:17  Void Ray  
  78  7:20  Void Ray  
  78  7:22  Cybernetics Core  
  78  7:26  Cybernetics Core  
  82  7:40  Zealot x2  
  80  7:57  Void Ray  
  80  8:04  Probe  
  80  8:05  Probe  
  74  8:17  Probe x2  
  76  8:24  Pylon  
  76  8:25  Pylon  
  76  8:28  Void Ray  
  72  8:43  Void Ray  
  62  8:57  Probe x2  
  62  9:11  Void Ray  
  66  9:20  Probe x2  
  62  9:32  Void Ray, Probe  
  64  9:44  Probe  
  58  9:51  Probe  
  58  9:56  Probe  
  54  10:03  Probe  
  54  10:07  Probe  
  54  10:11  Probe  
  56  10:21  Probe  
  57  10:31  Probe  
  57  10:33  Probe  
  59  10:39  Probe  
  57  10:45  Probe  
Show
View Real Time Build Order
Export as new Build Order

Reynor Zerg - Winner!

Build Orders: Pool First 

Get SALT Encoding   

  12  0:17  Spawning Pool  
  11  0:22  Drone  
  11  0:27  Drone  
  13  0:31  Drone  
  14  0:41  Overlord  
  14  1:04  Zergling x4  
  16  1:05  Zergling x2  
  17  1:16  Zergling x2  
  18  1:21  Hatchery  
  17  1:27  Zergling x2  
  18  1:36  Queen  
  20  1:46  Drone  
  21  1:50  Overlord  
  21  2:03  Drone  
  22  2:11  Queen  
  22  2:14  Drone  
  24  2:21  Drone  
  25  2:24  Extractor  
  24  2:32  Drone  
  25  2:41  Drone  
  25  2:42  Drone  
  27  2:45  Drone  
  25  2:51  Drone  
  25  2:55  Drone x2  
  25  2:57  Drone x2  
  29  3:05  Drone  
  30  3:06  Drone  
  31  3:16  Hatchery  
  31  3:17  Drone  
  31  3:21  Drone  
  31  3:25  Metabolic Boost  
  32  3:30  Overlord  
  32  3:32  Drone  
  33  3:35  Drone  
  33  3:37  Drone  
  33  3:39  Drone  
  36  3:42  Overlord  
  36  3:54  Overlord  
  36  4:00  Queen  
  36  4:01  Drone, Overlord  
  40  4:02  Zergling x2  
  40  4:03  Zergling x2  
  40  4:05  Drone  
  40  4:06  Drone  
  40  4:08  Drone  
  44  4:13  Drone, Spore Crawler  
  44  4:16  Drone  
  45  4:19  Pneumatized Carapace  
  45  4:21  Drone  
  45  4:22  Drone  
  47  4:25  Zergling x2  
  47  4:26  Zergling x2  
  47  4:28  Drone  
  50  4:32  Drone  
  50  4:33  Drone  
  50  4:37  Roach Warren  
  51  4:38  Extractor  
  51  4:40  Drone  
  51  4:41  Extractor, Drone  
  51  4:45  Overlord  
  51  4:46  Drone  
  52  4:57  Drone  
  52  4:58  Lair  
  53  5:05  Drone  
  54  5:10  Drone x3  
  54  5:12  Spore Crawler  
  56  5:18  Roach x4  
  64  5:21  Zergling x10  
  68  5:32  Overlord  
  68  5:35  Drone x2  
  74  5:37  Overlord  
  74  5:39  Drone  
  74  5:40  Queen  
  74  5:42  Overlord  
  73  5:53  Drone, Overlord x2  
  74  5:57  Spore Crawler  
  74  5:58  Queen  
  74  5:59  Nydus Network  
  74  6:01  Roach  
  74  6:02  Roach  
  78  6:06  Roach x2  
  78  6:11  Roach x2  
  86  6:14  Queen  
  88  6:22  Roach x3  
  94  6:27  Queen  
  96  6:36  Nydus Canal  
  96  6:37  Roach x3  
  96  6:38  Roach x2  
  96  6:39  Glial Reconstitution  
  105  6:42  Overlord  
  105  6:46  Spore Crawler  
  100  7:00  Spore Crawler  
  98  7:01  Roach x2  
  98  7:02  Roach  
  98  7:05  Overlord  
  103  7:09  Roach  
  103  7:13  Queen x2  
  103  7:15  Queen  
  106  7:16  Spore Crawler  
  106  7:18  Zergling x2  
  106  7:20  Roach  
  106  7:22  Roach  
  106  7:24  Roach  
  104  7:31  Roach x3  
  104  7:37  Roach x2  
  108  7:39  Roach, Zergling x2  
  109  7:44  Roach, Ravager  
  109  7:45  Ravager  
  109  7:47  Roach  
  109  7:48  Roach  
  109  7:49  Zergling x2  
  110  7:53  Roach x2  
  110  7:57  Roach  
  110  7:58  Roach  
  112  8:00  Roach  
  112  8:03  Roach  
  104  8:05  Zergling x4  
  94  8:12  Roach  
  94  8:15  Roach, Queen  
  94  8:17  Roach  
  94  8:23  Roach  
  94  8:27  Roach x2  
  94  8:30  Queen  
  100  8:38  Roach x3  
  100  8:40  Queen  
  102  8:47  Roach  
  102  8:48  Roach  
  99  8:52  Roach x2  
  96  9:00  Roach x2  
  96  9:01  Spore Crawler  
  96  9:02  Spore Crawler  
  89  9:03  Ravager  
  89  9:06  Roach  
  89  9:07  Queen  
  92  9:11  Roach  
  92  9:15  Roach x2  
  96  9:20  Queen  
  93  9:25  Roach x2  
  93  9:28  Roach  
  94  9:32  Queen  
  92  9:43  Queen  
  86  9:52  Drone x5  
  91  9:56  Queen  
  77  10:07  Spore Crawler  
  77  10:08  Queen  
  78  10:16  Spore Crawler  
  78  10:17  Spore Crawler  
  78  10:19  Queen  
  78  10:24  Spore Crawler  
  78  10:27  Spore Crawler  
  78  10:28  Zergling x8  
  78  10:31  Queen  
  80  10:40  Zergling x10  
  80  10:42  Nydus Canal  
  83  10:43  Zergling x2  
  83  10:48  Zergling x6  
  89  10:56  Nydus Canal  
Tags
 
Add a new tag
Caveats
  • Supply blocks, unpowered buildings, or Contaminate may cause inaccurate times.
  • Supply counts are checked every 10 seconds.